Map: King Sejong Station LE

Players

Dragoon - Winner!

  • Race: Terran Terran
  • League: Gold
  • Spawn Location: 5:00

Fropez

  • Race: Protoss Protoss
  • League: Gold
  • Spawn Location: 11:00

VOD

Have the link to the VOD?

Description

Time

  • Played on: Oct. 13, 2016, 10:27 a.m.
  • Length: 17:41
Show
View Real Time Build Order
Export as new Build Order

Dragoon Terran - Winner!

Build Orders:  

Get SALT Encoding   

  12  0:01  SCV  
  13  0:13  SCV  
  14  0:17  Supply Depot  
  14  0:25  SCV  
  15  0:33  Refinery  
  15  0:39  SCV  
  16  0:46  Barracks  
  16  0:51  SCV  
  17  1:02  Refinery  
  17  1:03  SCV  
  18  1:29  SCV  
  19  1:36  Reaper  
  20  1:43  Factory  
  20  1:51  SCV  
  21  2:03  SCV  
  21  2:08  Reaper  
  23  2:18  Orbital Command  
  23  2:23  Supply Depot  
  23  2:31  Starport, Factory Tech Lab  
  23  2:49  Reaper  
  24  3:01  SCV  
  25  3:13  SCV  
  26  3:23  Command Center  
  26  3:25  SCV, Hellion  
  30  3:27  Reaper  
  30  3:43  SCV, Banshee  
  30  3:48  Hellion  
  35  4:09  Hellion  
  36  4:26  Banshee  
  39  4:51  Refinery  
  39  4:58  Marine, SCV  
  39  4:59  Hellion  
  43  5:00  Barracks  
  43  5:01  Barracks, Factory  
  43  5:11  SCV  
  44  5:16  Marine  
  44  5:18  Supply Depot  
  45  5:26  Raven  
  47  5:30  SCV  
  47  5:34  Marine  
  49  5:35  Orbital Command  
  49  5:44  Cloaking Field  
  49  5:47  SCV  
  50  5:50  Barracks Tech Lab  
  50  5:51  Marine  
  50  5:53  Barracks Reactor  
  50  5:56  Factory Tech Lab  
  51  5:59  SCV  
  52  6:09  Marine  
  53  6:14  Widow Mine  
  53  6:15  Marauder  
  57  6:27  Marine  
  55  6:40  Marine  
  55  6:41  Marine  
  55  6:42  Widow Mine  
  55  6:44  Marine  
  55  6:45  Marine  
  55  6:46  Medivac  
  63  6:49  SCV x2  
  63  6:50  Refinery  
  65  7:05  SCV  
  65  7:07  SCV, Command Center  
  67  7:16  Marine  
  67  7:17  SCV  
  67  7:19  Marine  
  67  7:20  SCV  
  71  7:24  Marine  
  71  7:29  SCV  
  73  7:32  Siege Tank, SCV  
  77  7:40  Marine  
  78  7:47  Supply Depot  
  78  7:51  Supply Depot  
  78  7:52  Barracks Tech Lab  
  78  7:55  Stimpack  
  78  8:08  Marine x3, Viking  
  78  8:09  SCV x2  
  85  8:22  Marine  
  85  8:24  Siege Tank  
  85  8:26  Marine x3  
  90  8:38  Banshee  
  90  8:39  SCV  
  90  8:40  Marine  
  90  8:44  Marine  
  90  8:46  Orbital Command  
  75  9:10  Marine x2  
  75  9:15  SCV x3  
  80  9:27  SCV x3  
  74  9:39  Marine x4, SCV x2  
  74  9:45  SCV  
  79  9:51  SCV  
  80  9:56  Engineering Bay  
  80  9:57  Marine, Engineering Bay  
  81  10:04  SCV x2  
  79  10:15  Liberator  
  79  10:17  Marine  
  79  10:18  Marine x3  
  79  10:19  SCV x2  
  79  10:20  SCV  
  86  10:22  Siege Tank  
  89  10:31  SCV x2  
  89  10:32  SCV  
  89  10:35  Marine x2  
  95  10:36  Marine  
  95  10:42  Marine  
  92  10:43  SCV  
  92  10:44  SCV x2  
  95  10:53  Marine x3  
  95  10:56  SCV x3  
  101  11:00  Marine  
  101  11:08  SCV x3  
  101  11:09  Terran Infantry Weapons Level 1, Terran Infantry Armor Level 1  
  101  11:11  Marine x3  
  101  11:17  Marine  
  105  11:20  SCV  
  106  11:29  Marine x3  
  109  11:37  Refinery  
  109  11:41  Refinery  
  109  11:45  Marine  
  109  11:46  Marine  
  109  11:47  Marine x2  
  113  12:03  Siege Tank, Marine, Banshee  
  113  12:04  Marine x2  
  113  12:05  Marine  
  113  12:07  SCV x2  
  125  12:10  SCV  
  121  12:17  Armory  
  121  12:19  SCV x2  
  121  12:21  Marine  
  121  12:22  Marine x3, SCV, Factory  
  118  12:24  Factory  
  118  12:25  Factory  
  113  12:31  SCV  
  112  12:39  Marine  
  112  12:40  Marine x3  
  116  12:44  Liberator  
  114  12:57  Marine  
  114  12:58  Marine x3  
  121  13:09  Starport  
  121  13:11  Starport  
  121  13:14  Marine  
  121  13:16  Marine  
  120  13:23  Marine x2  
  120  13:24  Command Center  
  122  13:29  SCV  
  122  13:30  SCV  
  122  13:32  Marine  
  122  13:33  Marine  
  121  13:42  Siege Tank  
  121  13:46  Factory Tech Lab x2  
  121  13:47  Factory Reactor  
  106  14:02  SCV x3, Terran Infantry Weapons Level 2  
  109  14:03  Terran Infantry Armor Level 2  
  109  14:09  Starport Reactor, Starport Tech Lab  
  109  14:13  Siege Tank  
  89  14:25  Marine  
  89  14:26  Marine x2  
  89  14:28  Hellion x3  
  89  14:29  Widow Mine  
  89  14:30  Refinery  
  100  14:32  Refinery, Medivac  
  102  14:50  Marine x2  
  102  14:51  Marine x2  
  106  15:04  SCV x2  
  106  15:05  SCV  
  108  15:08  Marine  
  107  15:17  Marine x3  
  107  15:18  Siege Tank  
  107  15:19  Siege Tank x2  
  116  15:26  Marine  
  116  15:34  Marine  
  116  15:35  Marine x2  
  106  15:44  Marine  
  107  15:52  Marine x2  
  108  16:01  Marine  
  107  16:10  Marine x2  
  107  16:13  Siege Tank  
  107  16:14  Siege Tank  
  113  16:19  Marine  
  114  16:25  Orbital Command  
  114  16:28  Marine x2  
  114  16:32  SCV  
  117  16:33  SCV  
  117  16:37  Marine  
  119  16:46  Marine x2  
  121  16:49  Orbital Command  
  119  16:54  Marine  
  120  17:04  Marine  
  121  17:11  Marine  
  121  17:12  Marine  
  120  17:19  Hellion x3  
  120  17:20  Hellion  
  120  17:22  Marine  
  130  17:28  SCV  
Show
View Real Time Build Order
Export as new Build Order

Fropez Protoss 

Build Orders:  

Get SALT Encoding   

  12  0:01  Probe (Chrono Boost)  
  13  0:11  Probe (Chrono Boost)  
  14  0:19  Pylon  
  14  0:22  Probe (Chrono Boost)  
  15  0:37  Probe (Chrono Boost)  
  15  0:39  Gateway  
  16  0:47  Assimilator  
  16  0:48  Probe (Chrono Boost)  
  17  0:58  Probe (Chrono Boost)  
  18  1:09  Probe (Chrono Boost)  
  19  1:19  Probe (Chrono Boost), Gateway  
  20  1:26  Cybernetics Core  
  20  1:30  Probe (Chrono Boost)  
  21  1:40  Probe (Chrono Boost)  
  21  1:46  Assimilator  
  22  1:58  Nexus  
  22  2:12  Pylon  
  22  2:22  Pylon  
  22  2:31  Mothership Core (Chrono Boost)  
  22  2:32  Warp Gate (Chrono Boost)  
  26  2:41  Stalker  
  28  2:45  Stalker  
  28  2:49  Probe (Chrono Boost)  
  28  3:00  Probe (Chrono Boost)  
  28  3:04  Pylon  
  29  3:10  Probe (Chrono Boost)  
  30  3:21  Probe (Chrono Boost)  
  30  3:24  Probe (Chrono Boost)  
  30  3:25  Pylon  
  30  3:26  Stalker  
  34  3:31  Stalker  
  36  3:44  Probe  
  36  3:48  Twilight Council, Probe, Assimilator  
  36  4:29  Blink (Chrono Boost)  
  36  4:36  Pylon  
  36  4:38  Pylon  
  36  4:49  Gateway  
  36  4:50  Pylon  
  36  4:51  Gateway  
  36  4:53  Gateway  
  36  4:55  Robotics Facility  
  36  4:58  Pylon  
  36  5:00  Probe  
  36  5:01  Probe  
  36  5:03  Stalker  
  36  5:04  Stalker  
  42  5:14  Probe  
  42  5:17  Probe  
  44  5:30  Gateway, Stalker x2  
  48  5:36  Probe  
  48  5:37  Probe  
  50  5:46  Probe  
  50  5:48  Assimilator  
  51  5:54  Pylon  
  51  5:55  Warp Prism  
  53  6:02  Probe  
  53  6:03  Probe  
  55  6:23  Stalker x5  
  65  6:31  Observer (Chrono Boost)  
  58  6:56  Stalker x3  
  58  6:57  Stalker x2  
  68  7:20  Observer (Chrono Boost)  
  69  7:45  Adept x5  
  69  7:46  Adept  
  79  7:55  Observer (Chrono Boost)  
  80  8:11  Adept x3  
  80  8:12  Adept x3  
  96  8:20  Immortal (Chrono Boost)  
  88  9:41  Resonating Glaives  
  68  9:49  Stalker x2  
  68  9:50  Stalker x4  
  80  10:00  Nexus  
  80  10:01  Pylon  
  80  10:05  Assimilator  
  80  10:10  Assimilator  
  80  10:12  Pylon  
  80  10:15  Pylon  
  80  10:30  Forge  
  80  10:31  Adept  
  80  10:32  Adept x5  
  74  10:55  Stalker x3  
  74  10:56  Stalker x3  
  74  11:21  Probe  
  74  11:22  Probe  
  76  11:26  Stalker x4  
  76  11:27  Stalker x2  
  92  11:33  Immortal (Chrono Boost)  
  92  11:39  Gateway  
  92  11:41  Protoss Ground Weapons Level 1  
  92  11:42  Gateway  
  92  11:44  Gateway  
  92  11:46  Gateway  
  92  11:48  Gateway  
  92  11:50  Pylon  
  91  12:02  Adept x4  
  91  12:03  Adept x2  
  99  12:29  Adept x3  
  97  12:30  Adept x3  
  95  13:09  Adept  
  95  13:10  Adept x3  
  95  13:11  Adept x2  
  107  13:23  Probe  
  107  13:24  Probe  
  109  13:33  Stalker  
  109  13:34  Stalker x2  
  109  13:55  Adept x3  
  101  13:56  Adept  
  101  14:19  Protoss Ground Weapons Level 2  
  99  14:27  Nexus  
  73  16:05  Probe  
  73  16:07  Probe  
  69  16:14  Assimilator  
  69  16:20  Assimilator  
  69  16:29  Templar Archives  
  69  16:45  Pylon  
  69  16:46  Adept x2  
  69  16:47  Adept x4, Pylon  
  75  16:50  Nexus  
  77  17:14  High Templar x3  
  77  17:15  High Templar x4  
  77  17:16  High Templar  
  73  17:23  Archon x3  
  73  17:24  Archon  
Tags
 
Add a new tag
Caveats
  • Supply blocks, unpowered buildings, or Contaminate may cause inaccurate times.
  • Supply counts are checked every 10 seconds.